 Dungeon Crawl Stone Soup version 0.29.1-15-g9cfb28693d (webtiles) character file.

Game seed: 4861039461088199796

1363 LustLizard the Firebug (level 8, -1/66 HPs)
             Began as a Hill Orc Fire Elementalist on Feb 23, 2023.
             Was a Follower of Beogh.
             Killed from afar by a steam dragon (23 damage)
             ... with a ball of steam
             ... on level 6 of the Dungeon.
             The game lasted 00:11:19 (6780 turns).

LustLizard the Firebug (Hill Orc Fire Elementalist) Turns: 6780, Time: 00:11:21

Health: -1/66      AC:  4    Str: 14    XL:     8   Next: 64%
Magic:  23/30      EV: 12    Int: 20    God:    Beogh [*.....]
Gold:   240        SH:  0    Dex: 11    Spells: 4/13 levels left

rFire   . . .      SeeInvis .   t - +11 trident of Puvviop {drain, rC+ Str+3}
rCold   + . .      Faith    .   (no shield)
rNeg    . . .      Spirit   .   a - +0 robe
rPois   .          Reflect  .   s - +1 helmet {Int+3}
rElec   .          Harm     .   q - scarf {shadows}
rCorr   .          Rampage  .   (no gloves)
Will    .....                   (no boots)
Stlth   ++........              (no amulet)
HPRegen 0.21/turn               F - ring of magical power
MPRegen 0.22/turn               G - ring of magical power

@: no status effects
A: no striking features
a: Renounce Religion


You were on level 6 of the Dungeon.
You worshipped Beogh.
Beogh was aware of your devotion.
You visited 1 branch of the dungeon, and saw 6 of its levels.

You collected 240 gold pieces.

Inventory:

Hand Weapons
 c - a +0 short sword
 t - the +11 trident of Puvviop (weapon) {drain, rC+ Str+3}
   (You found it on level 2 of the Dungeon)

   A truly terrible weapon, it drains the life of any living foe it strikes.
   Str:       It affects your strength (+3).
   rC:        It protects you from cold.
Armour
 a - a +0 robe (worn)
 q - a scarf of shadows (worn)
 s - a +1 helmet of intelligence (worn)
Jewellery
 i - a ring of ice
 F - a ring of magical power (left hand)
 G - a ring of magical power (right hand)
Wands
 m - a wand of mindburst (4)
 v - a wand of charming (10)
 w - a wand of flame (18)
 y - a wand of polymorph (2)
Scrolls
 e - 4 scrolls of teleportation
 f - a scroll of enchant weapon {unknown}
 k - 2 scrolls of vulnerability {unknown}
 x - a scroll of brand weapon {unknown}
 A - 2 scrolls of magic mapping {unknown}
 C - 2 scrolls of butterflies {unknown}
 E - a scroll of noise {unknown}
Potions
 b - 2 potions of magic
 d - a potion of invisibility {unknown}
 g - a potion of ambrosia {unknown}
 h - a potion of experience {unknown}
 j - 2 potions of haste
 l - 2 potions of flight
 n - a potion of mutation {unknown}
 o - 2 potions of heal wounds
 p - 2 potions of might {unknown}
 r - a potion of curing {unknown}
 u - 2 potions of degeneration {unknown}
 z - 2 potions of lignification {unknown}
 B - a potion of resistance {unknown}
 D - a potion of attraction {unknown}


   Skills:
 + Level 3.7 Fighting
 * Level 4.7 Polearms
 - Level 2.0 Dodging
 + Level 3.5 Stealth
 + Level 3.0 Spellcasting
 * Level 4.7 Conjurations
 - Level 5.2 Fire Magic
 + Level 1.4 Air Magic
 + Level 1.4 Poison Magic


You had 4 spell levels left.
You knew the following spells:

 Your Spells              Type           Power      Damage    Failure   Level
a - Foxfire               Conj/Fire      92%        2x1d8     1%          1
b - Scorch                Fire           48%        2d7       2%          2
c - Mephitic Cloud        Conj/Pois/Air  13%        N/A       16%         3
d - Inner Flame           Hex/Fire       13%        N/A       14%         3

Your spell library contained the following spells:

 Spells                   Type           Power      Damage    Failure   Level
 Magic Dart               Conj           84%        1d7       1%          1
 Conjure Flame            Conj/Fire      23%        6-21      5%          3
 Flame Wave               Conj/Fire      23%        2d8       19%         4
 Call Imp                 Summ           3%         N/A       22%         2
 Gell's Gravitas          Tloc           3%         N/A       38%         3
 Teleport Other           Tloc           3%         N/A       38%         3
 Dispersal                Tloc           1%         N/A       100%        6


Dungeon Overview and Level Annotations

Branches:
Dungeon (6/15)
 Temple: D:4-7

Altars:
Fedhas

Shops:
D:3 (   D:4 :


Message History

The foxfire hits the necrophage.
The necrophage is lightly damaged.
The foxfire hits the necrophage.
The necrophage is lightly damaged.
The necrophage is engulfed in a cloud of scalding steam.
Casting: Foxfire (safe; 1% risk of failure)
Confirm with . or Enter, or press ? or * to list all spells.
Flames lash the necrophage.
The necrophage is severely damaged.
The necrophage's fire resistance burns away.
An ice beast comes into view.
You reach to attack!
You puncture the necrophage!
You destroy the necrophage!
Beogh accepts your kill.
Casting: Scorch (safe; 2% risk of failure)
Confirm with . or Enter, or press ? or * to list all spells.
Flames lash the steam dragon.
The steam dragon is lightly wounded.
The steam dragon's fire resistance burns away.
Unknown command.
Casting: Scorch (safe; 2% risk of failure)
Confirm with . or Enter, or press ? or * to list all spells.
Flames lash the steam dragon.
The steam dragon is burned terribly!
The steam dragon is severely wounded.
The steam dragon breathes steam at you. The ball of steam hits you!!
You reach to attack!
You hit the steam dragon. You drain the steam dragon.
The steam dragon is almost dead.
You are engulfed in a cloud of scalding steam.
You closely miss the steam dragon.
The steam dragon is almost dead.
You are engulfed in a cloud of scalding steam.
The steam dragon bites you. The steam dragon barely misses you.
You closely miss the steam dragon.
The steam dragon is almost dead.
You are engulfed in a cloud of scalding steam.
The ice beast hits you. The ice beast freezes you. You resist.
The steam dragon breathes steam at you. The ball of steam hits you!!
You die...

##.... ........
..........# #.......
#.#..........# #.......
..#..........# #.......
.##......<...#####.......
.##..............Y.......
............§§..@D†=.....
............§....##......
..#..........###§...##.§.
.##..........#....... .D
.##............##.###.
.#########....## .# .$
......)....###..... ..
############ .... ....


You could see a steam dragon (catching breath, combustible, drained) and an ice
beast.

Vanquished Creatures
  Grinder (D:3)
  A water moccasin (D:2)
  The ghost of yourfavgirlally the Shield-Bearer, an amateur TrFi (D:4)
  A kobold brigand (D:3)
  A necrophage (D:6)
  2 scorpions
  A vampire bat (D:5)
  A howler monkey (D:4)
  3 hounds
  An orc priest (D:4)
  2 jellies
  3 iguanas
  2 orc wizards
  Ijyb (D:3)
  8 gnolls (D:5)
  9 adders
  A white imp (D:5)
  A worm (D:2)
  4 dart slugs
  3 fire bats (D:5)
  15 orcs
  2 spectral bats (D:5)
  14 bats
  3 bat skeletons (D:5)
  A bat zombie (D:5)
  3 endoplasms
  3 giant cockroaches
  8 goblins
  6 hobgoblins
  A quokka (D:3)
  8 ball pythons
  A bat simulacrum (D:5)
  A frilled lizard (D:1)
  7 kobolds
  5 rats
125 creatures vanquished.

Vanquished Creatures (collateral kills)
  A foxfire (D:3)
1 creature vanquished.

Vanquished Creatures (others)
  A howler monkey (D:4)
  An orc (D:4)
  370 foxfires
  A plant (D:3)
373 creatures vanquished.

Grand Total: 499 creatures vanquished

Notes
Turn   | Place    | Note
-------+----------+-------------------------------------------
     0 | D:1      | LustLizard the Hill Orc Fire Elementalist began the quest
                  | for the Orb.
     0 | D:1      | Reached XP level 1. HP: 14/14 MP: 3/3
   213 | D:1      | Found a faded altar of an unknown god.
   289 | D:1      | Reached XP level 2. HP: 20/20 MP: 4/4
   978 | D:2      | Reached XP level 3. HP: 14/26 MP: 0/5
   981 | D:2      | Learned a level 2 spell: Scorch
  1804 | D:2      | Identified the +11 trident of Puvviop {drain, rC+ Str+3}
  2025 | D:3      | Noticed a water moccasin
  2034 | D:2      | Killed a water moccasin
  2035 | D:2      | Reached skill level 1 in Fighting
  2035 | D:2      | Reached skill level 1 in Polearms
  2035 | D:2      | Reached skill level 4 in Fire Magic
  2035 | D:2      | Reached XP level 4. HP: 4/35 MP: 2/7
  2035 | D:2      | Reached XP level 5. HP: 5/40 MP: 2/8
  2652 | D:3      | Found Hiekiw's Weapon Shoppe.
  2728 | D:3      | Found a blossoming altar of Fedhas.
  2831 | D:3      | Noticed Grinder
  2842 | D:3      | Killed Grinder
  2843 | D:3      | Reached XP level 6. HP: 37/48 MP: 0/9
  3221 | D:3      | Reached XP level 7. HP: 55/55 MP: 7/10
  3321 | D:3      | Noticed Ijyb
  3335 | D:3      | Reached skill level 5 in Fire Magic
  3797 | D:3      | Killed Ijyb
  4209 | D:4      | Became a worshipper of Beogh the Brigand
  4391 | D:4      | Learned a level 3 spell: Mephitic Cloud
  4411 | D:4      | Found Qaizxesh's Tremendous Tomes.
  4847 | D:4      | Noticed yourfavgirlally's ghost (amateur TrFi)
  4849 | D:4      | Found a runed translucent door.
  5231 | D:4      | Learned a level 3 spell: Inner Flame
  5237 | D:4      | Killed yourfavgirlally's ghost
  5238 | D:4      | Reached XP level 8. HP: 63/63 MP: 2/12
  5333 | D:5      | Entered Level 5 of the Dungeon
  5382 | D:5      | Reached skill level 1 in Poison Magic
  5722 | D:5      | Reached skill level 1 in Air Magic
  5789 | D:5      | Reached * piety under Beogh
  6780 | D:6      | Killed from afar by a steam dragon

Illustrated notes

Levels and vault maps discovered:
D:1:      scummos_arrival_star, layout_loops_cross,
          chequers_ecumenical_altar_simple
D:2:      layout_basic
D:3:      layout_rooms, fedhas_ov_isle_minmay, serial_shops,
          nicolae_shop_temple_entry_statues_fountains, minmay_puff,
          uniq_grinder, uniq_ijyb
D:4:      layout_basic, serial_rivers, chequers_serial_rivers_small_a,
          chequers_serial_rivers_room_b, chequers_serial_rivers_large_b,
          chequers_serial_rivers_large_a, chequers_serial_rivers_micro_a,
          chequers_serial_rivers_micro_a, hellmonk_ghost_happy_afterlife,
          nicolae_shop_i_like_big_books
D:5:      layout_loops_ring, goddamned_bats
D:6:      layout_rooms

Skill      XL: |  1  2  3  4  5  6  7  8 |
---------------+-------------------------+-----
Stealth        | 2 3 |  3.5
Dodging        | 2 |  2.0
Fighting       | 1 2 3 |  3.7
Polearms       | 1 2 3 4 |  4.7
Spellcasting   | 2 3 |  3.0
Conjurations   | 2 3 4 |  4.7
Fire Magic     | 4 5 |  5.2
Poison Magic   | 1 |  1.4
Air Magic      | 1 |  1.4

Action                   |  1- 3 |  4- 6 |  7- 9 || total
-------------------------+-------+-------+-------++-------
Melee: Short sword       |    13 |       |       ||    13
       Unarmed           |     1 |       |       ||     1
       Trident           |     6 |       |    71 ||    77
 Cast: Foxfire           |    57 |    41 |   117 ||   215
       Scorch            |       |       |    26 ||    26
Invok: Convert to Beogh  |       |       |     1 ||     1
  Use: Scroll            |     1 |       |     3 ||     4
 Stab: Sleeping          |       |       |     4 ||     4
Armor: Robe              |     7 |       |    29 ||    36
Dodge: Dodged            |    21 |     2 |    63 ||    86
